AoeStats
← erick_s_v

Arena

507842380Analyzed
4v4 RM · 14d ago on Sep 19, 2026· 60m 31s· 8 players
Game mode
Random Map
Map size
Large (8 player)
Population
200
Speed
Normal
Resources
Standard
Victory
Conquest
Starting age
Dark Age
Ending age
Imperial Age
RankedLock teamsTeams togetherTeam positionsShared explorationLock speedFull tech treeHidden civsTurbo modeCheats
Victory
Defeat
1051
+18
🇩🇪 Goths · Germany
1047
+18
🇬🇧 Wei · United Kingdom
1030
+19
🇨🇳 Khmer · China
1015
+19
🇲🇽 Mongols · Mexico
1237
-24
🇲🇽 Lithuanians · Mexico
1228
-24
🇲🇽 Bohemians · Mexico
1039
-16
🇲🇽 Ethiopians · Mexico
873
-10
Tekz4987
10:42 Feudal Age
11:47 Loom
15:33 Castle Age
14:14 Double-Bit Axe
14:10 Horse Collar
19:15 Wheelbarrow
23:38 Bow Saw
24:06 Gold Mining
24:52 Hand Cart
24:23 Town Watch
25:03 Stone Mining
26:54 Heavy Plow
27:33 Stone Shaft Mining
31:26 Imperial Age
28:57 Town Patrol
29:01 Scale Mail Armor
29:11 Forging
29:06 Anarchy
29:31 Pikeman
30:11 Squires
32:07 Halberdier
35:36 Crop Rotation
37:11 Conscription
36:53 Perfusion
37:38 Chain Mail Armor
37:58 Iron Casting
38:06 Iron Casting
45:07 Blast Furnace
§ El Rick más Rick §
0:28 Loom
11:03 Feudal Age
11:31 Horse Collar
11:38 Double-Bit Axe
15:45 Wheelbarrow
16:26 Fletching
22:23 Castle Age
21:08 Padded Archer Armor
22:21 Stone Mining
22:26 Gold Mining
22:40 Elite Skirmisher
24:03 Stone Shaft Mining
33:01 Imperial Age
GreatGurkhas
10:46 Feudal Age
9:28 Loom
11:21 Double-Bit Axe
15:32 Castle Age
14:14 Horse Collar
14:56 Stone Mining
16:27 Gold Mining
18:58 Heavy Plow
19:46 Bow Saw
22:33 Fletching
24:38 Padded Archer Armor
25:53 Leather Archer Armor
27:54 Town Watch
29:26 Bodkin Arrow
33:25 Imperial Age
32:06 Gold Shaft Mining
33:00 Stone Shaft Mining
32:49 Thumb Ring
35:42 Bloodlines
37:07 Crop Rotation
39:30 Parthian Tactics
41:04 Wheelbarrow
41:54 Chemistry
41:41 Ring Archer Armor
41:51 Bracer
42:43 Husbandry
44:13 Hand Cart
44:48 Town Patrol
47:18 Conscription
51:33 Scale Barding Armor
52:41 Hoardings
52:08 Tuntian
53:03 Ballistics
54:15 Caravan
56:06 Coinage
57:44 Ming Guang Armor
56:41 Elite Tiger Cavalry
king vitt
0:29 Loom
11:25 Feudal Age
11:50 Horse Collar
12:02 Double-Bit Axe
18:10 Castle Age
16:22 Stone Mining
17:42 Wheelbarrow
19:40 Bow Saw
19:33 Heavy Plow
20:56 Hand Cart
25:52 Gold Mining
28:37 Husbandry
31:08 Bloodlines
33:33 Imperial Age
31:28 Ballistics
31:21 Fortified Wall
32:08 Gold Shaft Mining
32:11 Stone Shaft Mining
32:33 Scale Barding Armor
34:01 Chain Barding Armor
35:22 Chemistry
34:29 Siege Engineers
34:58 Double Crossbow
35:19 Conscription
34:53 Elite Ballista Elephant
37:25 Plate Barding Armor
38:19 Forging
38:02 Heavy Scorpion
40:07 Iron Casting
38:58 Light Cavalry
43:06 Blast Furnace
42:21 Hussar
43:36 Masonry
45:45 Crop Rotation
56:48 Town Watch
Tiiiian
10:25 Feudal Age
11:46 Loom
14:28 Castle Age
13:01 Double-Bit Axe
17:51 Horse Collar
21:21 Town Watch
22:14 Wheelbarrow
24:17 Bow Saw
27:22 Imperial Age
24:57 Stone Mining
24:58 Gold Mining
25:46 Scale Barding Armor
27:44 Bloodlines
27:46 Forging
27:38 Cavalier
29:26 Iron Casting
29:52 Chain Barding Armor
30:52 Hand Cart
31:51 Stone Shaft Mining
32:32 Plate Barding Armor
32:17 Husbandry
34:13 Chemistry
34:08 Fletching
35:02 Ballistics
35:42 Paladin
39:11 Bodkin Arrow
40:02 Murder Holes
41:09 Conscription
40:53 Bracer
41:05 Elite Skirmisher
41:49 Padded Archer Armor
42:43 Thumb Ring
43:51 Leather Archer Armor
46:51 Light Cavalry
Tenamaxtli
9:35 Feudal Age
9:50 Loom
14:34 Castle Age
12:44 Double-Bit Axe
14:22 Horse Collar
16:09 Wheelbarrow
21:10 Fletching
21:21 Padded Archer Armor
22:26 Bodkin Arrow
23:30 Leather Archer Armor
25:15 Scale Barding Armor
26:25 Bloodlines
26:15 Husbandry
41:01 Imperial Age
42:50 Ballistics
43:31 Chemistry
43:07 Chain Barding Armor
42:58 Forging
43:24 Light Cavalry
44:23 Hussar
45:16 Bracer
46:34 Iron Casting
erick_s_v
7:25 Loom
11:10 Feudal Age
11:41 Double-Bit Axe
11:48 Gold Mining
14:54 Fletching
16:16 Padded Archer Armor
18:40 Horse Collar
24:43 Castle Age
25:33 Crossbowman
26:19 Thumb Ring
26:10 Bodkin Arrow
27:40 Heavy Plow
32:18 Wheelbarrow
35:40 Hand Cart
35:43 Leather Archer Armor
36:27 Bow Saw
36:30 Murder Holes
37:06 Ballistics
56:59 Elite Skirmisher
Carlos
11:55 Feudal Age
12:29 Double-Bit Axe
12:26 Horse Collar
15:49 Scale Barding Armor
16:36 Forging
17:27 Wheelbarrow
19:53 Castle Age
21:14 Husbandry
20:36 Light Cavalry
21:59 Hand Cart
22:32 Loom
32:52 Iron Casting
32:38 Chain Barding Armor
33:17 Town Watch
37:15 Imperial Age
35:47 Chemistry
35:15 Heavy Plow
37:32 Cavalier
40:16 Bow Saw
40:50 Ballistics
40:12 Treadmill Crane
42:11 Houfnice
43:57 Wagenburg Tactics
44:09 Town Patrol
44:58 Murder Holes
45:11 Siege Engineers
45:54 Pikeman
46:35 Squires
46:21 Arson
48:34 Halberdier
58:14 Blast Furnace
57:16 Scale Mail Armor
Connection lost

Rejoining the realm…

Still unreachable

The connection could not be restored.

Session expired

The server has moved on; the page needs a fresh start.